 Dungeon Crawl Stone Soup version 0.18-a0-884-gb6cfd45 (webtiles) character file.

45 Jmtri7 the Chiller (level 3, 0/19 HPs)
             Began as a Deep Elf Ice Elementalist on Dec 22, 2015.
             Was an Initiate of Sif Muna.
             Slain by Terence
             ... wielding a +0 trident
              (9 damage)
             ... on level 2 of the Dungeon.
             The game lasted 00:34:13 (1514 turns).

Jmtri7 the Chiller (Deep Elf Ice Elementalist)      Turns: 1514, Time: 00:34:13

Health: 0/19       AC:  3    Str:  5      XL:     3   Next: 42%
Magic:  10/10      EV: 13    Int: 15 (18) God:    Sif Muna [......]
Gold:   115        SH:  0    Dex: 15      Spells: 1 memorised, 9 levels left

rFire  . . .     SeeInvis .     h - +0 hunting sling
rCold  . . .     Gourm    .     a - +1 robe
rNeg   . . .     Faith    .     (no shield)
rPois  .         Spirit   .     (helmet restricted)
rElec  .         Dismiss  .     (no cloak)
rCorr  .         Reflect  .     (no gloves)
SustAt .         Harm     .     (no boots)
MR     .....                    (no amulet)
Stlth  ++........               (no ring)
                                (no ring)

@: not resistant to hostile enchantments, unstealthy
A: horns 1, dopey 1, MP-powered wands
a: Renounce Religion


You were on level 2 of the Dungeon.
You worshipped Sif Muna.
Sif Muna was noncommittal.
You were not hungry.

You visited 1 branch of the dungeon, and saw 2 of its levels.

You collected 115 gold pieces.

Inventory:

Hand Weapons
 h - a +0 hunting sling (weapon)
 r - a +0 spear
Missiles
 e - 2 throwing nets
 m - 17 sling bullets (quivered)
 n - 102 stones
Armour
 a - a +1 robe (worn)
Wands
 f - a wand of polymorph (2/24)
Scrolls
 k - 2 scrolls of enchant armour
Potions
 q - 2 potions of degeneration
Books
 b - a book of Frost

   Spells                             Type                      Level
   a - Freeze                         Ice                          1
   b - Throw Frost                    Conjuration/Ice              2
   c - Ozocubu's Armour               Charms/Ice                   3
   d - Throw Icicle                   Conjuration/Ice              4
   e - Summon Ice Beast               Ice/Summoning                4
   f - Condensation Shield            Ice                          4
Comestibles
 c - a bread ration
 d - a meat ration
 l - a beef jerky


   Skills:
 - Level 2.6 Dodging
 - Level 2.5 Stealth
 * Level 4.0 Spellcasting
   Level 1.1 Conjurations
 * Level 4.2 Ice Magic


You had 9 spell levels left.
You knew the following spells:

 Your Spells              Type           Power        Failure   Level  Hunger
a - Freeze                Ice            ###.         3%          1    None


Dungeon Overview and Level Annotations

Branches:
Dungeon (2/15)

Altars:
Sif Muna
Trog

Annotations:
D:2 Terence


Innate Abilities, Weirdness & Mutations

You have a pair of small horns on your head.
You are dopey. (Int -2)
You expend magic power (3 MP) to strengthen your wands.


Message History

Firing (i - inventory. (,) - cycle):
m - 20 sling bullets (quivered)
Press: ? - help, Shift-Dir - straight line, f/p - Terence
Aim: Terence, wielding a trident and wearing a scale mail (moderately wounded, unusually agile)
You shoot a sling bullet.
The sling bullet closely misses Terence.
Terence misses you.
Firing (i - inventory. (,) - cycle):
m - 19 sling bullets (quivered)
Press: ? - help, Shift-Dir - straight line, f/p - Terence
Aim: Terence, wielding a trident and wearing a scale mail (moderately wounded, unusually agile)
You shoot a sling bullet. The sling bullet misses Terence.
The sling bullet closely misses the giant cockroach.
Terence hits you from afar with a trident.
Firing (i - inventory. (,) - cycle):
m - 18 sling bullets (quivered)
Press: ? - help, Shift-Dir - straight line, f/p - Terence
Aim: Terence, wielding a trident and wearing a scale mail (moderately wounded, unusually agile)
You shoot a sling bullet. The sling bullet misses Terence.
The sling bullet closely misses the giant cockroach.
Terence hits you from afar with a trident.
Terence hits you from afar with a trident!
You die...

≈≈≈≈# ..≈≈# _.≈≈#
# # ..≈≈#
#####.######s#
≈≈≈≈#
......#(.....#
≈≈≈###
.......s.....#
####.# #.# #@#
.....# #)# #.#
###### #.# #@# #.#
#.# ##.## #.#
######...######.#
##...............#
#.....#...########
.........##
......#### ......#


You could see Terence and a giant cockroach.

Vanquished Creatures
  A giant gecko (D:1)
  A giant cockroach (D:1)
  11 hobgoblins
  3 jackals (D:1)
  7 bats
  6 giant newts
  5 goblins
  4 kobolds
  A rat (D:2)
39 creatures vanquished.

Notes
Turn   | Place    | Note
--------------------------------------------------------------
     0 | D:1      | Jmtri7 the Deep Elf Ice Elementalist began the quest for the Orb.
     0 | D:1      | Reached XP level 1. HP: 10/10 MP: 6/6
     2 | D:1      | Noticed a vine stalker
     2 | D:1      | Noticed a centaur
     6 | D:1      | Noticed a vampire
    10 | D:1      | Noticed a dwarf
    10 | D:1      | Noticed a spriggan
    12 | D:1      | Noticed a tengu
    12 | D:1      | Noticed an elf
    16 | D:1      | Noticed an ogre
    16 | D:1      | Noticed a human
    18 | D:1      | Noticed a formicid
    18 | D:1      | Noticed a minotaur
    20 | D:1      | Noticed an octopode
    20 | D:1      | Noticed a gargoyle
    22 | D:1      | Noticed a demonspawn
    22 | D:1      | Noticed a ghoul
    24 | D:1      | Noticed a merfolk
    26 | D:1      | Noticed a draconian
    26 | D:1      | Noticed a troll
    28 | D:1      | Noticed a demigod
    30 | D:1      | Noticed a naga
    30 | D:1      | Noticed a felid
   408 | D:1      | Reached XP level 2. HP: 15/15 MP: 6/8
   910 | D:2      | Reached XP level 3. HP: 12/19 MP: 2/10
   979 | D:2      | Found a deep blue altar of Sif Muna.
   985 | D:2      | Became a worshipper of Sif Muna the Loreminder
  1054 | D:2      | Reached skill level 4 in Ice Magic
  1060 | D:2      | Gained mutation: You are dopey. (Int -2) [potion of mutation]
  1060 | D:2      | Gained mutation: You have a pair of small horns on your head. [potion of mutation]
  1060 | D:2      | Gained mutation: You expend magic power (3 MP) to strengthen your wands. [potion of mutation]
  1344 | D:2      | Found a bloodstained altar of Trog.
  1508 | D:2      | Noticed Terence
  1514 | D:2      | Slain by Terence

Vault maps used:
D:1:      kb_arrival_jail
D:2:      led_sif_pool, trog_hazing_becter, uniq_terence

Action                   || total
-------------------------++-------
 Fire: Hunting sling     ||    22
 Cast: Freeze            ||    52
  Use: Scroll            ||     7
       Potion            ||     4
  Eat: Bread ration      ||     1
